 Dungeon Sprint DCSS version 0.30-a0-177-g1cb5dbfd7a (webtiles) character file.

Game seed: 9635762675153989829

348 rocky1 the Fighter (level 6, -2/78 HPs)
             Began as an Ogre Fighter on Oct 3, 2022.
             Was a Believer of Okawaru.
             Slain by an ice beast (14 damage)
             ... in the Dungeon (Sprint VII: "The Pits").
             The game lasted 00:01:35 (372 turns).

rocky1 the Fighter (Ogre Fighter)                    Turns: 372, Time: 00:01:35

Health: -2/78      AC:  3    Str: 23    XL:     6   Next: 60%
Magic:  4/6        EV: 11    Int:  9    God:    Okawaru [**....]
Gold:   0          SH: 10    Dex:  8    Spells: 5/5 levels left

rFire   . . .      SeeInvis .    a - +0 war axe
rCold   . . .      Faith    .    c - +0 kite shield
rNeg    . . .      Spirit   .    b - +0 robe
rPois   .          Reflect  .    (helmet restricted)
rElec   .          Harm     .    (no cloak)
rCorr   .          Rampage  .    (gloves unavailable)
Will    .....      NoTele   +    (boots unavailable)
Stlth   ++........               (no amulet)
HPRegen 0.33/turn                (no ring)
MPRegen 0.10/turn                (no ring)

@: heroic, on berserk cooldown, hasted and slowed
A: large, unfitting armour, tough skin 1
a: Renounce Religion, Heroism


You were in the Dungeon.
You worshipped Okawaru.
Okawaru was pleased with you.
You visited 1 branch

Inventory:

Hand Weapons
 a - a +0 war axe (weapon)
 m - a +2 vorpal flail
Armour
 b - a +0 robe (worn)
 c - a +0 kite shield (worn)
Scrolls
 j - a scroll of blinking
 l - 5 scrolls of amnesia
Potions
 d - a potion of might
 e - 6 potions of curing
 f - 2 potions of heal wounds
 h - 4 potions of magic
 i - 2 potions of berserk rage
 k - 2 potions of invisibility


   Skills:
 + Level 9.7(14.7) Fighting
 + Level 7.0(12.0) Axes
 + Level 6.7(11.7) Dodging
 + Level 7.4(12.4) Shields


You had 5 spell levels left.
You didn't know any spells.
Your spell library was empty.

Dungeon Overview and Level Annotations

Branches:
Dungeon (1/1)

Altars:
Ashenzari
Cheibriados
Dithmenos
Elyvilon
Fedhas
Gozag
Hepliaklqana
Kikubaaqudgha
Makhleb
Nemelex Xobeh
Okawaru
Qazlal
Ru
Sif Muna
Trog
Uskayaw
Vehumet
Wu Jian
Xom
Yredelemnul
Zin
The Shining One
Jiyva
Lugonu


Innate Abilities, Weirdness & Mutations

You are too large for most types of armour.
You have tough skin. (AC +1)


Message History

Something completely misses you.
You miss something. Something hits you. Something shocks you.
Something hits you. Something shocks you.
* * * LOW HITPOINT WARNING * * *
You feel much better. You block something's attack.
You feel yourself speed up. Something hits you. Something shocks you.
Something hits you. Something shocks you.
You miss something. Something hits you. Something shocks you.
You slash something! Something hits you but does no damage.
You hit something. Something hits you. Something shocks you.
* * * LOW HITPOINT WARNING * * *
You miss something. You block something's attack. Something hits you.
* * * LOW HITPOINT WARNING * * *
Something shocks you.
* * * LOW HITPOINT WARNING * * *
You slash something! Okawaru accepts your kill.
Reactivating autopickup.
You feel a bit more experienced.
Your Axes skill increases to level 7!
Your Shields skill increases to level 7!
Unknown command.
You gain the combat prowess of a mighty hero.
You block the ice beast's attack.
Unknown command.
You hit the ice beast.
The ice beast is lightly wounded.
You block the ice beast's attack.
You slash the ice beast!
The ice beast is heavily wounded.
You block the ice beast's attack.
You hit the ice beast.
The ice beast is heavily wounded.
The ice beast hits you but does no damage.
You closely miss the ice beast.
The ice beast is heavily wounded.
The ice beast hits you.
* * * LOW HITPOINT WARNING * * *
The ice beast freezes you!
You die...

##########.##.....
#...........'.....
#'#####'#####.....
#.#.†#..#..##.....
#.#..'..#).#####'#
#.#.†####))##.....
#.#..#..#))##.....
#.#..#..#[[##.....
#@##)#..#'###...<.
#Y#..†.....##.....
#Z#........##.....
#Z###########.....
#..# ###### #....
##.#Y# ...Z.
.#.#.#


You could see an ice beast and 2 quokka skeletons.

Vanquished Creatures
  A sky beast (D)
  An ice beast (D)
  A centaur (D)
  A bullfrog (D)
  An adder zombie (D)
  An endoplasm (D)
  A giant cockroach (D)
  A hobgoblin (D)
  5 jackals (D)
  A ball python zombie (D)
  A bat (D)
  A rat (D)
16 creatures vanquished.

Notes
Turn   | Place    | Note
-------+----------+-------------------------------------------
     0 | D        | rocky1 the Ogre Fighter began the quest for the Orb.
     0 | D        | Reached XP level 1. HP: 24/24 MP: 1/1
    22 | D        | Found a bloodstained altar of Trog.
    22 | D        | Found a shimmering blue altar of Sif Muna.
    22 | D        | Found a viscous altar of Jiyva.
    22 | D        | Found a hazy altar of Hepliaklqana.
    22 | D        | Found an opulent altar of Gozag.
    23 | D        | Found a glowing golden altar of the Shining One.
    23 | D        | Found a glowing silver altar of Zin.
    23 | D        | Found a basalt altar of Yredelemnul.
    23 | D        | Found a shimmering altar of Xom.
    23 | D        | Found an ornate altar of the Wu Jian Council.
    23 | D        | Found a sacrificial altar of Ru.
    23 | D        | Found a stormy altar of Qazlal.
    23 | D        | Found an iron altar of Okawaru.
    23 | D        | Found a sparkling altar of Nemelex Xobeh.
    23 | D        | Found a burning altar of Makhleb.
    23 | D        | Found a blossoming altar of Fedhas.
    23 | D        | Found a white marble altar of Elyvilon.
    23 | D        | Found a shadowy altar of Dithmenos.
    23 | D        | Found a snail-covered altar of Cheibriados.
    26 | D        | Found a corrupted altar of Lugonu.
    26 | D        | Found a radiant altar of Vehumet.
    27 | D        | Found an ancient bone altar of Kikubaaqudgha.
    27 | D        | Found a hide-covered altar of Uskayaw.
    27 | D        | Found a broken altar of Ashenzari.
    31 | D        | Became a worshipper of Warmaster Okawaru
    86 | D        | Reached XP level 2. HP: 11/33 MP: 2/2
   190 | D        | Noticed a centaur
   191 | D        | Reached skill level 5 in Fighting
   207 | D        | HP: 1/35 [centaur (2)]
   211 | D        | Killed a centaur
   211 | D        | Reached * piety under Okawaru
   212 | D        | Reached skill level 7 in Fighting
   212 | D        | Reached skill level 5 in Shields
   212 | D        | Reached XP level 3. HP: 22/46 MP: 3/3
   212 | D        | Reached XP level 4. HP: 26/55 MP: 4/4
   329 | D        | Noticed a bullfrog
   329 | D        | Noticed an ice beast
   330 | D        | Noticed an ice beast
   330 | D        | Noticed a sky beast
   347 | D        | Killed a bullfrog
   348 | D        | Reached skill level 8 in Fighting
   348 | D        | Reached skill level 5 in Axes
   348 | D        | Reached skill level 5 in Dodging
   348 | D        | Reached XP level 5. HP: 44/63 MP: 5/5
   354 | D        | Killed an ice beast
   354 | D        | Reached ** piety under Okawaru
   355 | D        | Reached skill level 9 in Fighting
   355 | D        | Reached XP level 6. HP: 24/75 MP: 6/6
   357 | D        | HP: 3/75 [something (6)]
   367 | D        | Killed a sky beast
   372 | D        | Slain by an ice beast

Illustrated notes

Levels and vault maps discovered:
D:        pitsprint [storerooms_1, entrance_room_1, metal_vault_3, armoury_1,
          mini_pit_1, grid_room_1, main_hall_1, silver_pit, the_coven_1,
          the_vestibule_1, steel_vault_3, golden_pit, hallway_of_sentries,
          crystal_vault_4, iron_vault_4, final_vault]

Skill      XL: |  1  2  3  4  5  6 |
---------------+-------------------+-----
Dodging        | 3 4 5 6 |  6.7
Fighting       | 7 8 9 |  9.7
Axes           | 4 5 6 7 |  7.0
Shields        | 5 6 7 |  7.4

Action                   |  1- 3 |  4- 6 || total
-------------------------+-------+-------++-------
Melee: War axe           |    43 |    37 ||    80
Invok: Heroism           |       |     1 ||     1
  Use: Potion            |     1 |     5 ||     6
Armor: Robe              |    28 |     9 ||    37
Dodge: Dodged            |    36 |     7 ||    43
Block: Kite shield       |    29 |    14 ||    43

Table legend: (Time is in decaauts)
 A = Elapsed time spent in this place.
 B = Non-inter-level travel time spent in this place.
 C = Inter-level travel time spent in this place.
 D = Time resting spent in this place.
 E = Time spent auto-exploring this place.
 F = Levels seen in this place.
 G = Mean time per level.
                   A        B        C        D        E       F      G
               +--------+--------+--------+--------+--------+-----+--------+
         Total |    399 |    379 |     20 |    147 |      0 |   1 |  399.0 |
       Dungeon |    399 |    379 |     20 |    147 |      0 |   1 |  399.0 |
               +--------+--------+--------+--------+--------+-----+--------+

Top non-repeatable levels by time:
       D: 399 daAuts
